[ AOE2 MATCH · #457828194 ]
UnrankedBohemians vs Bulgarians
[ REPLAY ANALYSIS · EXTRACTED FROM THE RECORDED GAME ]
Feudal
14:30
Castle
28:01
Imperial
43:17
| APM avg | 20.9 |
| APM peak | 82 |
| eAPM avg | 9.5 |
| Villagers / military | 129 / 83 |
Focus
⚔️ 18.9% · 🌾 81.1%
Scout Cavalry ×70 · Militia ×13
Feudal
—
Castle
—
Imperial
—
| APM avg | 19.1 |
| APM peak | 48 |
| eAPM avg | 10.1 |
| Villagers / military | 76 / 105 |
Focus
⚔️ 30.6% · 🌾 69.4%
Skirmisher ×40 · Hand Cannoneer ×24 · Trade Cart ×20 · Scout Cavalry ×15 · Genoese Crossbowman ×15 · Bombard Cannon ×7
Feudal
15:51
Castle
20:12
Imperial
36:13
| APM avg | 24.4 |
| APM peak | 70 |
| eAPM avg | 15.7 |
| Villagers / military | 118 / 45 |
Focus
⚔️ 33.6% · 🌾 66.4%
Unknown (882) ×34 · Knight ×10 · Trebuchet (Packed) ×10 · War Wagon ×7 · Iron Pagoda ×6 · Battering Ram ×4
Feudal
24:46
Castle
43:47
Imperial
—
| APM avg | 9.9 |
| APM peak | 48 |
| eAPM avg | 5.7 |
| Villagers / military | 34 / 18 |
Focus
⚔️ 22.1% · 🌾 77.9%
Konnik ×9 · Cavalry Archer ×5 · Militia ×3 · Knight ×1
Feudal
16:55
Castle
31:30
Imperial
—
| APM avg | 20.0 |
| APM peak | 51 |
| eAPM avg | 11.4 |
| Villagers / military | 39 / 91 |
Focus
⚔️ 30.3% · 🌾 69.7%
Conquistador ×38 · Archer ×22 · Skirmisher ×19 · Monk ×3 · Knight ×3 · Militia ×3
Feudal
15:09
Castle
18:50
Imperial
—
| APM avg | 22.5 |
| APM peak | 76 |
| eAPM avg | 10.8 |
| Villagers / military | 86 / 47 |
Focus
⚔️ 27.2% · 🌾 72.8%
Spearman ×28 · Mangonel ×11 · Knight ×5 · Battering Ram ×2 · War Elephant ×1
Match map
Initial resources + every placement click. Lines = walls · curves = elevation contours. ◆ gold · ⬟ stone · ● berries · ✦ relic · ◌ wall gap
Your base· Open — unwalled flank
alejo s11's base· Open — 7t gap
jairo's base· Open — unwalled flank
Georg86's base· Open — 4t gap
Mauroxtraceur's base· Open — 8t gap
Gerry FreeMan's base· Open — 4t gap
Smoothed initial terrain · ◌ = detected wall gap · hover for details
Inputs per minute
— Mar strong - - alejo s11
Build order — Mar strong
First 150 of 330 actions detected
| 0:44 | Build | Town Center |
| 2:28 | Build | Palisade Wall |
| 2:36 | Build | House |
| 2:52 | Build | House |
| 2:57 | Create | Villager (Male) |
| 2:57 | Create | Villager (Male) |
| 2:57 | Create | Villager (Male) |
| 2:57 | Create | Villager (Male) |
| 2:58 | Create | Villager (Male) |
| 3:41 | Build | House |
| 3:53 | Build | Lumber Camp |
| 4:08 | Create | Villager (Male) |
| 4:08 | Create | Villager (Male) |
| 4:52 | Create | Villager (Male) |
| 5:16 | Create | Villager (Male) |
| 5:16 | Create | Villager (Male) |
| 5:17 | Create | Villager (Male) |
| 5:37 | Create | Villager (Male) |
| 5:37 | Create | Villager (Male) |
| 5:58 | Create | Villager (Male) |
| 6:23 | Create | Villager (Male) |
| 7:06 | Create | Villager (Male) |
| 7:06 | Create | Villager (Male) |
| 7:06 | Create | Villager (Male) |
| 7:42 | Build | Mill |
| 8:13 | Create | Villager (Male) |
| 8:14 | Create | Villager (Male) |
| 8:14 | Create | Villager (Male) |
| 8:46 | Create | Villager (Male) |
| 8:55 | Build | House |
| 9:01 | Build | Palisade Wall |
| 9:25 | Build | Barracks |
| 9:46 | Build | Palisade Wall |
| 9:50 | Create | Villager (Male) |
| 9:51 | Create | Villager (Male) |
| 9:51 | Create | Villager (Male) |
| 10:20 | Create | Villager (Male) |
| 10:20 | Create | Villager (Male) |
| 10:35 | Build | Mining Camp |
| 11:09 | Create | Villager (Male) |
| 11:11 | Create | Villager (Male) |
| 11:33 | Build | House |
| 11:37 | Build | House |
| 12:04 | Research | Feudal Age |
| 12:23 | Build | Palisade Wall |
| 12:37 | Build | Palisade Wall |
| 12:56 | Build | Mill |
| 13:06 | Create | Militia |
| 13:06 | Create | Militia |
| 13:06 | Create | Militia |
| 13:06 | Create | Militia |
| 13:07 | Create | Militia |
| 13:08 | Create | Militia |
| 13:55 | Create | Villager (Male) |
| 13:56 | Create | Villager (Male) |
| 13:56 | Create | Villager (Male) |
| 14:30 | Age | Feudal Age |
| 14:37 | Research | Man-at-Arms (upgrade) |
| 15:10 | Build | Blacksmith |
| 15:20 | Create | Villager (Male) |
| 15:20 | Create | Villager (Male) |
| 15:20 | Create | Villager (Male) |
| 15:35 | Research | Loom |
| 15:36 | Create | Villager (Male) |
| 15:36 | Create | Villager (Male) |
| 15:36 | Create | Villager (Male) |
| 15:52 | Build | Mill |
| 16:24 | Create | Villager (Male) |
| 16:24 | Create | Villager (Male) |
| 16:57 | Build | House |
| 16:58 | Build | House |
| 17:00 | Build | House |
| 17:06 | Build | House |
| 18:23 | Build | Watch Tower |
| 19:02 | Create | Militia |
| 19:02 | Create | Militia |
| 19:04 | Create | Militia |
| 19:04 | Create | Militia |
| 19:05 | Create | Militia |
| 19:30 | Create | Villager (Male) |
| 19:31 | Create | Villager (Male) |
| 19:32 | Create | Villager (Male) |
| 19:39 | Build | Mining Camp |
| 20:06 | Research | Scale Mail Armor |
| 20:07 | Research | Forging |
| 20:26 | Build | Mill |
| 21:26 | Create | Militia |
| 21:26 | Create | Militia |
| 21:32 | Build | House |
| 21:33 | Build | House |
| 21:36 | Build | House |
| 21:38 | Build | House |
| 21:57 | Create | Villager (Male) |
| 21:58 | Create | Villager (Male) |
| 21:58 | Create | Villager (Male) |
| 21:59 | Create | Villager (Male) |
| 22:46 | Build | Barracks |
| 24:35 | Build | Market |
| 24:46 | Build | Mill |
| 25:21 | Research | Castle Age |
| 26:17 | Build | Mill |
| 28:01 | Age | Castle Age |
| 28:17 | Build | Town Center |
| 28:49 | Build | Town Center |
| 29:39 | Create | Villager (Male) |
| 29:39 | Create | Villager (Male) |
| 29:39 | Create | Villager (Male) |
| 29:40 | Create | Villager (Male) |
| 30:17 | Build | Mill |
| 30:40 | Research | Horse Collar |
| 31:36 | Build | House |
| 31:37 | Build | House |
| 31:38 | Build | House |
| 31:39 | Build | House |
| 31:41 | Build | House |
| 31:42 | Build | House |
| 31:44 | Build | House |
| 31:52 | Research | Double-Bit Axe |
| 32:15 | Research | Wheelbarrow |
| 32:20 | Create | Villager (Male) |
| 32:20 | Create | Villager (Male) |
| 32:20 | Create | Villager (Male) |
| 32:21 | Create | Villager (Male) |
| 32:21 | Create | Villager (Male) |
| 32:21 | Create | Villager (Male) |
| 32:21 | Create | Villager (Male) |
| 32:22 | Create | Villager (Male) |
| 32:48 | Build | Town Center |
| 32:59 | Create | Villager (Male) |
| 33:00 | Create | Villager (Male) |
| 33:03 | Research | Heavy Plow |
| 33:11 | Build | House |
| 33:14 | Build | House |
| 33:16 | Build | House |
| 33:18 | Build | House |
| 33:21 | Build | House |
| 33:25 | Build | House |
| 33:27 | Build | House |
| 33:29 | Build | House |
| 33:44 | Research | Hand Cart |
| 33:48 | Create | Villager (Male) |
| 33:53 | Create | Villager (Male) |
| 34:22 | Build | Castle |
| 34:33 | Create | Villager (Male) |
| 34:33 | Create | Villager (Male) |
| 34:33 | Create | Villager (Male) |
| 34:33 | Create | Villager (Male) |
| 34:38 | Build | Farm |
| 34:38 | Build | Farm |
| 34:39 | Build | Farm |
Build order — alejo s11
First 150 of 183 actions detected
| 0:39 | Build | Town Center |
| 2:53 | Build | House |
| 2:56 | Create | Villager (Male) ×4 |
| 4:46 | Create | Villager (Male) |
| 5:21 | Create | Villager (Male) |
| 5:52 | Build | Lumber Camp |
| 6:29 | Create | Villager (Male) ×5 |
| 7:02 | Build | House |
| 7:44 | Create | Villager (Male) ×2 |
| 8:05 | Build | House |
| 8:11 | Build | House |
| 8:19 | Create | Villager (Male) |
| 8:46 | Build | Mill |
| 9:17 | Create | Villager (Male) |
| 9:50 | Build | Mill |
| 10:20 | Create | Villager (Male) |
| 10:20 | Create | Villager (Male) |
| 10:37 | Build | House |
| 10:39 | Build | House |
| 10:48 | Build | House |
| 11:16 | Build | Palisade Wall |
| 11:22 | Build | Palisade Wall |
| 11:28 | Create | Villager (Male) |
| 11:28 | Create | Villager (Male) |
| 12:22 | Create | Villager (Male) |
| 12:23 | Create | Villager (Male) |
| 13:19 | Create | Villager (Male) |
| 13:30 | Research | Loom |
| 14:07 | Research | Feudal Age |
| 14:39 | Create | Villager (Male) |
| 14:39 | Create | Villager (Male) |
| 15:48 | Build | Barracks |
| 16:07 | Build | House |
| 16:11 | Build | House |
| 16:25 | Research | Wheelbarrow |
| 16:26 | Create | Villager (Male) |
| 16:30 | Research | Double-Bit Axe |
| 16:53 | Build | Mill |
| 17:23 | Create | Villager (Male) ×5 |
| 17:23 | Create | Villager (Male) ×5 |
| 17:31 | Build | Archery Range |
| 17:38 | Build | Blacksmith |
| 17:51 | Build | Palisade Wall |
| 18:31 | Build | Stone Wall |
| 18:46 | Build | Gate |
| 18:52 | Build | Stone Wall |
| 19:04 | Research | Castle Age |
| 19:16 | Build | Palisade Wall |
| 19:29 | Build | Palisade Gate |
| 20:19 | Build | Farm |
| 20:28 | Build | Stable |
| 20:43 | Build | Farm |
| 20:43 | Build | Farm |
| 20:44 | Build | Farm |
| 20:50 | Research | Horse Collar |
| 21:00 | Create | Villager (Male) ×5 |
| 22:05 | Create | Scout Cavalry |
| 22:48 | Build | Town Center |
| 23:40 | Research | Light Cavalry (upgrade) |
| 23:41 | Create | Scout Cavalry |
| 23:41 | Create | Scout Cavalry |
| 23:45 | Create | Scout Cavalry |
| 23:47 | Create | Scout Cavalry |
| 23:50 | Research | Bow Saw |
| 23:54 | Create | Villager (Male) ×5 |
| 24:44 | Build | House |
| 25:02 | Create | Villager (Male) ×3 |
| 25:43 | Create | Villager (Male) |
| 26:05 | Build | House |
| 26:07 | Build | House |
| 26:23 | Build | Monastery |
| 26:47 | Create | Villager (Male) ×4 |
| 26:56 | Build | Farm |
| 28:09 | Create | Villager (Male) |
| 28:09 | Create | Villager (Male) |
| 28:55 | Create | Villager (Male) |
| 28:55 | Create | Villager (Male) |
| 30:03 | Build | Castle |
| 30:08 | Research | Padded Archer Armor |
| 30:22 | Build | Farm |
| 30:22 | Build | Farm |
| 30:23 | Build | Farm |
| 30:23 | Build | Farm |
| 30:33 | Build | Farm |
| 30:33 | Build | Farm |
| 30:33 | Build | Farm |
| 31:32 | Create | Genoese Crossbowman ×5 |
| 31:32 | Create | Genoese Crossbowman ×5 |
| 31:33 | Create | Genoese Crossbowman ×5 |
| 31:46 | Build | Mining Camp |
| 31:52 | Research | Fletching |
| 32:05 | Build | University |
| 32:20 | Create | Monk |
| 32:52 | Research | Leather Archer Armor |
| 33:02 | Build | Blacksmith |
| 33:05 | Create | Villager (Male) ×5 |
| 33:41 | Create | Scout Cavalry |
| 33:41 | Create | Scout Cavalry |
| 33:41 | Create | Scout Cavalry |
| 34:41 | Research | Bodkin Arrow |
| 35:08 | Build | Farm |
| 35:08 | Build | Farm |
| 35:08 | Build | Farm |
| 35:12 | Create | Villager (Male) ×5 |
| 35:12 | Create | Villager (Male) ×3 |
| 35:33 | Build | Stone Wall |
| 36:03 | Research | Ballistics |
| 36:19 | Build | Siege Workshop |
| 38:06 | Create | Mangonel |
| 38:11 | Build | House |
| 38:12 | Build | House |
| 39:08 | Research | Imperial Age |
| 39:28 | Build | House |
| 39:29 | Build | House |
| 39:36 | Build | Farm |
| 39:39 | Create | Villager (Male) ×5 |
| 39:44 | Build | Farm |
| 39:45 | Build | Farm |
| 39:45 | Build | Farm |
| 39:45 | Build | Farm |
| 39:45 | Build | Farm |
| 40:15 | Build | Market |
| 40:31 | Build | Stone Wall |
| 40:38 | Build | Stone Wall |
| 42:16 | Research | Masonry |
| 42:19 | Build | Farm |
| 42:20 | Build | Farm |
| 42:20 | Build | Farm |
| 42:28 | Create | Trade Cart ×5 |
| 42:30 | Create | Trade Cart ×5 |
| 42:41 | Research | Silk Road |
| 42:49 | Create | Trade Cart ×5 |
| 42:49 | Create | Trade Cart ×5 |
| 42:52 | Research | Caravan |
| 43:35 | Research | Chemistry |
| 43:39 | Research | Murder Holes |
| 43:52 | Build | Siege Workshop |
| 43:53 | Build | Siege Workshop |
| 44:04 | Build | Archery Range |
| 44:06 | Build | Archery Range |
| 44:08 | Build | Archery Range |
| 44:10 | Build | Archery Range |
| 44:26 | Create | Trebuchet (Packed) |
| 44:32 | Research | Hoardings |
| 44:43 | Research | Capped Ram (upgrade) |
| 44:44 | Create | Battering Ram |
| 45:18 | Create | Hand Cannoneer ×5 |
| 45:20 | Create | Hand Cannoneer ×5 |
| 45:24 | Research | Ring Archer Armor |
| 45:41 | Create | Bombard Cannon |
Build order — jairo
First 150 of 341 actions detected
| 1:41 | Build | Town Center |
| 1:54 | Build | House |
| 3:42 | Create | Villager (Male) |
| 3:42 | Create | Villager (Male) |
| 3:43 | Create | Villager (Male) |
| 3:43 | Create | Villager (Male) |
| 3:43 | Create | Villager (Male) |
| 3:43 | Create | Villager (Male) |
| 5:24 | Create | Villager (Male) |
| 5:24 | Create | Villager (Male) |
| 5:25 | Create | Villager (Male) |
| 5:25 | Create | Villager (Male) |
| 5:29 | Build | House |
| 6:00 | Create | Villager (Male) |
| 6:00 | Create | Villager (Male) |
| 6:05 | Build | House |
| 6:39 | Research | Loom |
| 6:39 | Create | Villager (Male) |
| 6:40 | Create | Villager (Male) |
| 6:40 | Create | Villager (Male) |
| 6:47 | Build | House |
| 7:02 | Build | House |
| 7:39 | Create | Villager (Male) |
| 7:39 | Create | Villager (Male) |
| 7:42 | Create | Villager (Male) |
| 8:12 | Create | Villager (Male) |
| 8:13 | Create | Villager (Male) |
| 8:52 | Create | Villager (Male) |
| 8:52 | Create | Villager (Male) |
| 8:53 | Create | Villager (Male) |
| 9:18 | Build | House |
| 9:20 | Build | House |
| 9:53 | Create | Villager (Male) |
| 9:54 | Create | Villager (Male) |
| 10:02 | Build | House |
| 10:04 | Create | Villager (Male) |
| 10:18 | Create | Villager (Male) |
| 10:35 | Build | House |
| 10:51 | Build | House |
| 10:58 | Create | Villager (Male) |
| 10:58 | Create | Villager (Male) |
| 11:23 | Build | Mill |
| 11:43 | Create | Villager (Male) |
| 11:43 | Create | Villager (Male) |
| 12:04 | Create | Villager (Male) |
| 12:14 | Build | Lumber Camp |
| 12:30 | Create | Villager (Male) |
| 13:23 | Create | Villager (Male) |
| 13:41 | Research | Feudal Age |
| 14:07 | Build | House |
| 14:08 | Build | House |
| 15:13 | Create | Villager (Male) |
| 15:34 | Build | Barracks |
| 15:43 | Build | House |
| 15:51 | Age | Feudal Age |
| 16:00 | Build | Market |
| 16:10 | Create | Villager (Male) |
| 16:11 | Create | Villager (Male) |
| 16:41 | Create | Villager (Male) |
| 17:00 | Build | Blacksmith |
| 17:28 | Research | Castle Age |
| 17:44 | Research | Double-Bit Axe |
| 18:38 | Build | Stable |
| 19:20 | Create | Villager (Male) |
| 20:12 | Age | Castle Age |
| 20:19 | Build | Town Center |
| 20:42 | Create | Villager (Male) |
| 20:43 | Create | Villager (Male) |
| 20:56 | Build | Town Center |
| 21:04 | Create | Scout Cavalry |
| 21:05 | Create | Scout Cavalry |
| 21:08 | Create | Villager (Male) |
| 21:12 | Create | Villager (Male) |
| 21:12 | Create | Villager (Male) |
| 21:16 | Create | Villager (Male) |
| 22:09 | Create | Villager (Male) |
| 22:09 | Create | Villager (Male) |
| 22:13 | Create | Villager (Male) |
| 22:14 | Create | Villager (Male) |
| 22:18 | Research | Bow Saw |
| 22:36 | Create | Knight |
| 22:38 | Create | Knight |
| 22:40 | Create | Villager (Male) |
| 22:41 | Create | Villager (Male) |
| 22:41 | Create | Villager (Male) |
| 23:21 | Build | House |
| 23:22 | Build | House |
| 23:24 | Build | House |
| 23:28 | Research | Horse Collar |
| 23:44 | Create | Fire Lancer |
| 23:46 | Create | Fire Lancer |
| 23:48 | Create | Villager (Male) |
| 23:49 | Create | Villager (Male) |
| 23:49 | Create | Villager (Male) |
| 23:55 | Build | House |
| 23:56 | Build | House |
| 23:58 | Build | House |
| 23:59 | Build | House |
| 24:05 | Build | Monastery |
| 24:17 | Create | Villager (Male) |
| 24:17 | Create | Villager (Male) |
| 25:05 | Create | Knight |
| 25:05 | Create | Knight |
| 25:06 | Create | Knight |
| 26:09 | Create | Villager (Male) |
| 26:09 | Create | Villager (Male) |
| 26:10 | Create | Villager (Male) |
| 26:14 | Build | Farm |
| 26:14 | Build | Farm |
| 26:14 | Build | Farm |
| 26:14 | Build | Farm |
| 26:15 | Build | Farm |
| 26:15 | Build | Farm |
| 26:15 | Build | Farm |
| 26:15 | Build | Farm |
| 26:16 | Build | Farm |
| 26:16 | Build | Farm |
| 26:16 | Build | Farm |
| 26:17 | Build | Farm |
| 26:17 | Build | Farm |
| 26:17 | Build | Farm |
| 26:17 | Build | Farm |
| 27:22 | Create | Villager (Male) |
| 27:23 | Create | Villager (Male) |
| 27:23 | Create | Villager (Male) |
| 28:13 | Build | Castle |
| 28:15 | Build | Siege Workshop |
| 28:38 | Create | Villager (Male) |
| 28:39 | Create | Villager (Male) |
| 28:39 | Create | Villager (Male) |
| 29:01 | Build | Farm |
| 29:03 | Create | Villager (Male) |
| 29:04 | Create | Villager (Male) |
| 29:18 | Create | War Wagon |
| 29:18 | Create | War Wagon |
| 29:22 | Create | Knight |
| 29:23 | Create | Knight |
| 29:27 | Create | Villager (Male) |
| 29:27 | Create | Villager (Male) |
| 29:33 | Build | Siege Workshop |
| 29:34 | Create | Iron Pagoda |
| 29:34 | Create | Iron Pagoda |
| 29:40 | Create | War Wagon |
| 29:40 | Create | War Wagon |
| 29:41 | Create | War Wagon |
| 30:07 | Build | Mining Camp |
| 30:21 | Create | Iron Pagoda |
| 30:21 | Create | Iron Pagoda |
| 30:21 | Create | Iron Pagoda |
| 30:21 | Create | Iron Pagoda |
Build order — Georg86
118 actions detected in the replay
| 1:32 | Build | Town Center |
| 3:47 | Create | Villager (Male) ×4 |
| 3:48 | Research | Loom |
| 3:58 | Create | Villager (Male) |
| 3:58 | Create | Villager (Male) |
| 4:19 | Build | Mining Camp |
| 5:28 | Build | Lumber Camp |
| 6:10 | Create | Villager (Male) |
| 8:13 | Build | House |
| 8:26 | Build | House |
| 8:28 | Build | House |
| 8:36 | Build | House |
| 8:46 | Create | Villager (Male) ×5 |
| 10:48 | Create | Villager (Male) |
| 10:50 | Create | Villager (Male) |
| 10:50 | Create | Villager (Male) |
| 11:08 | Build | House |
| 11:15 | Build | House |
| 11:19 | Build | House |
| 11:22 | Build | House |
| 11:28 | Build | House |
| 11:30 | Build | House |
| 11:31 | Build | House |
| 11:32 | Build | House |
| 11:34 | Build | House |
| 11:36 | Build | House |
| 12:16 | Create | Villager (Male) |
| 12:20 | Create | Villager (Male) |
| 12:27 | Build | House |
| 12:28 | Build | House |
| 13:40 | Build | House |
| 13:58 | Create | Villager (Male) |
| 13:58 | Create | Villager (Male) |
| 13:58 | Create | Villager (Male) |
| 13:59 | Create | Villager (Male) |
| 15:30 | Build | Mill |
| 16:30 | Build | Lumber Camp |
| 18:10 | Build | Mill |
| 18:46 | Build | Mining Camp |
| 20:48 | Build | Farm |
| 20:52 | Build | Farm |
| 20:54 | Build | Farm |
| 20:56 | Build | Farm |
| 20:57 | Build | Farm |
| 22:36 | Research | Feudal Age |
| 24:45 | Build | Lumber Camp |
| 24:46 | Age | Feudal Age |
| 25:20 | Create | Villager (Male) |
| 25:20 | Create | Villager (Male) |
| 25:45 | Build | House |
| 25:46 | Build | House |
| 25:49 | Build | House |
| 26:00 | Build | House |
| 26:03 | Build | House |
| 26:05 | Build | House |
| 26:17 | Build | House |
| 26:20 | Build | House |
| 26:22 | Build | House |
| 26:25 | Build | House |
| 26:28 | Build | House |
| 26:37 | Build | House |
| 26:40 | Build | House |
| 26:47 | Build | House |
| 27:46 | Build | Mill |
| 28:10 | Build | Farm |
| 28:22 | Create | Villager (Male) |
| 28:22 | Create | Villager (Male) |
| 29:07 | Create | Villager (Male) |
| 29:07 | Create | Villager (Male) |
| 29:25 | Build | Farm |
| 29:54 | Build | Barracks |
| 30:59 | Research | Arson |
| 31:07 | Build | Farm |
| 31:19 | Create | Villager (Male) |
| 31:20 | Create | Villager (Male) |
| 32:07 | Build | Farm |
| 32:18 | Build | Farm |
| 39:04 | Build | Stable |
| 39:13 | Build | Archery Range |
| 39:39 | Build | Town Center |
| 40:04 | Research | Bloodlines |
| 40:41 | Build | Blacksmith |
| 40:55 | Build | Stable |
| 41:07 | Research | Castle Age |
| 41:19 | Create | Militia ×2 |
| 41:30 | Build | Farm |
| 41:41 | Build | Farm |
| 41:49 | Build | Farm |
| 42:54 | Build | Farm |
| 42:57 | Build | Farm |
| 43:36 | Create | Militia |
| 43:47 | Age | Castle Age |
| 44:23 | Build | Krepost |
| 44:28 | Build | Krepost |
| 44:43 | Build | Krepost |
| 44:49 | Build | Krepost |
| 44:50 | Build | Krepost |
| 44:51 | Build | Krepost |
| 45:03 | Create | Villager (Male) ×3 |
| 45:31 | Research | Elite Skirmisher (upgrade) |
| 45:56 | Create | Knight |
| 46:08 | Research | Scale Barding Armor |
| 46:25 | Create | Konnik |
| 46:25 | Create | Konnik |
| 46:38 | Build | Farm |
| 46:48 | Build | Farm |
| 47:05 | Create | Konnik |
| 47:24 | Create | Cavalry Archer ×5 |
| 47:48 | Create | Konnik |
| 47:59 | Create | Konnik |
| 48:54 | Create | Konnik |
| 48:55 | Create | Konnik |
| 49:28 | Create | Konnik |
| 49:48 | Create | Konnik |
| 50:31 | Build | Farm |
| 50:41 | Build | Farm |
| 50:55 | Create | Villager (Male) |
| 50:56 | Create | Villager (Male) |
Build order — Mauroxtraceur
First 150 of 215 actions detected
| 1:47 | Build | Town Center |
| 3:42 | Build | House |
| 3:49 | Create | Villager (Male) |
| 3:49 | Create | Villager (Male) |
| 3:49 | Create | Villager (Male) |
| 3:49 | Create | Villager (Male) |
| 3:50 | Research | Loom |
| 3:59 | Build | House |
| 4:26 | Build | House |
| 5:32 | Create | Villager (Male) |
| 5:32 | Create | Villager (Male) |
| 6:25 | Build | Lumber Camp |
| 6:59 | Create | Villager (Male) |
| 6:59 | Create | Villager (Male) |
| 7:54 | Create | Villager (Male) |
| 7:54 | Create | Villager (Male) |
| 7:55 | Create | Villager (Male) |
| 8:54 | Create | Villager (Male) |
| 8:54 | Create | Villager (Male) |
| 8:54 | Create | Villager (Male) |
| 9:43 | Build | Mining Camp |
| 10:08 | Build | Mining Camp |
| 10:14 | Create | Villager (Male) |
| 10:14 | Create | Villager (Male) |
| 10:14 | Create | Villager (Male) |
| 10:15 | Create | Villager (Male) |
| 10:15 | Create | Villager (Male) |
| 11:07 | Build | House |
| 11:11 | Build | House |
| 11:13 | Build | House |
| 11:15 | Build | House |
| 12:15 | Build | Mill |
| 12:50 | Create | Villager (Male) |
| 12:50 | Create | Villager (Male) |
| 12:51 | Create | Villager (Male) |
| 13:04 | Build | House |
| 13:16 | Build | Palisade Wall |
| 13:27 | Build | Palisade Gate |
| 14:21 | Build | Barracks |
| 14:45 | Research | Feudal Age |
| 14:48 | Create | Villager (Male) |
| 14:48 | Create | Villager (Male) |
| 14:59 | Build | House |
| 15:08 | Build | House |
| 15:10 | Build | House |
| 15:48 | Build | House |
| 15:50 | Build | House |
| 16:20 | Build | Mill |
| 16:52 | Create | Villager (Male) |
| 16:52 | Create | Villager (Male) |
| 16:53 | Create | Villager (Male) |
| 16:53 | Create | Villager (Male) |
| 16:53 | Create | Villager (Male) |
| 16:55 | Age | Feudal Age |
| 17:03 | Build | Watch Tower |
| 17:28 | Research | Double-Bit Axe |
| 18:10 | Build | Watch Tower |
| 18:20 | Build | Archery Range |
| 19:10 | Build | Watch Tower |
| 20:04 | Build | Blacksmith |
| 20:16 | Build | Market |
| 20:25 | Create | Skirmisher |
| 20:26 | Create | Skirmisher |
| 21:00 | Research | Horse Collar |
| 21:27 | Research | Man-at-Arms (upgrade) |
| 21:34 | Build | Archery Range |
| 22:02 | Research | Fletching |
| 22:02 | Research | Padded Archer Armor |
| 22:06 | Create | Archer |
| 22:06 | Create | Archer |
| 22:07 | Create | Archer |
| 22:07 | Create | Archer |
| 22:07 | Create | Archer |
| 22:10 | Create | Skirmisher |
| 22:10 | Create | Skirmisher |
| 22:10 | Create | Skirmisher |
| 22:10 | Create | Skirmisher |
| 22:32 | Build | Mining Camp |
| 23:17 | Create | Militia |
| 23:18 | Create | Militia |
| 23:18 | Create | Militia |
| 23:40 | Create | Archer |
| 23:40 | Create | Archer |
| 23:40 | Create | Archer |
| 23:47 | Build | Archery Range |
| 24:30 | Create | Archer |
| 24:30 | Create | Archer |
| 24:30 | Create | Archer |
| 25:17 | Build | Mill |
| 25:54 | Create | Archer |
| 25:54 | Create | Archer |
| 25:55 | Create | Archer |
| 25:55 | Create | Archer |
| 27:51 | Build | Palisade Wall |
| 28:50 | Research | Castle Age |
| 30:00 | Build | Mill |
| 30:15 | Build | Stable |
| 30:26 | Create | Archer |
| 30:26 | Create | Archer |
| 30:26 | Create | Archer |
| 30:27 | Create | Archer |
| 30:27 | Create | Skirmisher |
| 30:27 | Create | Skirmisher |
| 30:28 | Create | Skirmisher |
| 30:28 | Create | Skirmisher |
| 30:28 | Create | Archer |
| 30:28 | Create | Archer |
| 30:28 | Create | Archer |
| 31:15 | Build | Lumber Camp |
| 31:30 | Age | Castle Age |
| 31:40 | Create | Villager (Male) |
| 31:40 | Create | Villager (Male) |
| 31:40 | Create | Villager (Male) |
| 31:40 | Create | Villager (Male) |
| 31:41 | Research | Wheelbarrow |
| 32:01 | Build | Lumber Camp |
| 32:53 | Build | Mining Camp |
| 33:18 | Research | Elite Skirmisher (upgrade) |
| 33:46 | Build | Farm |
| 33:52 | Research | Gold Mining |
| 33:53 | Research | Stone Mining |
| 34:41 | Research | Bodkin Arrow |
| 35:38 | Build | Siege Workshop |
| 36:14 | Build | Siege Workshop |
| 36:18 | Create | Battering Ram |
| 36:18 | Create | Battering Ram |
| 36:18 | Create | Battering Ram |
| 36:26 | Research | Bow Saw |
| 37:38 | Build | University |
| 38:33 | Build | Town Center |
| 38:46 | Build | Castle |
| 39:50 | Build | Farm |
| 39:51 | Build | Farm |
| 39:52 | Build | Farm |
| 39:58 | Build | Farm |
| 40:01 | Research | Heavy Plow |
| 40:34 | Build | Castle |
| 40:40 | Create | Skirmisher |
| 40:40 | Create | Skirmisher |
| 40:40 | Create | Skirmisher |
| 40:41 | Create | Skirmisher |
| 40:41 | Create | Skirmisher |
| 40:41 | Create | Skirmisher |
| 40:57 | Create | Conquistador |
| 40:58 | Create | Conquistador |
| 40:58 | Create | Conquistador |
| 40:58 | Create | Conquistador |
| 41:24 | Build | Farm |
| 41:35 | Build | Lumber Camp |
| 41:38 | Create | Villager (Male) |
Build order — Gerry FreeMan
First 150 of 188 actions detected
| 0:56 | Build | Town Center |
| 2:43 | Build | Palisade Wall |
| 3:12 | Create | Villager (Male) |
| 3:13 | Create | Villager (Male) |
| 3:13 | Create | Villager (Male) |
| 3:13 | Create | Villager (Male) |
| 3:13 | Create | Villager (Male) |
| 3:14 | Create | Villager (Male) |
| 4:34 | Research | Loom |
| 4:38 | Build | House |
| 4:41 | Build | House |
| 4:49 | Create | Villager (Male) |
| 4:50 | Create | Villager (Male) |
| 4:50 | Create | Villager (Male) |
| 4:51 | Create | Villager (Male) |
| 5:52 | Create | Villager (Male) |
| 6:39 | Create | Villager (Male) |
| 6:40 | Create | Villager (Male) |
| 6:40 | Create | Villager (Male) |
| 7:29 | Build | House |
| 7:31 | Build | House |
| 7:47 | Create | Villager (Male) |
| 7:47 | Create | Villager (Male) |
| 8:15 | Create | Villager (Male) |
| 8:34 | Build | Lumber Camp |
| 9:05 | Create | Villager (Male) |
| 9:06 | Create | Villager (Male) |
| 9:42 | Create | Villager (Male) |
| 10:44 | Create | Villager (Male) |
| 11:22 | Create | Villager (Male) |
| 11:37 | Build | Mill |
| 11:40 | Create | Villager (Male) |
| 11:42 | Create | Villager (Male) |
| 12:01 | Build | Mining Camp |
| 13:05 | Research | Feudal Age |
| 13:59 | Create | Villager (Male) |
| 13:59 | Create | Villager (Male) |
| 14:04 | Build | House |
| 14:06 | Build | House |
| 14:37 | Create | Villager (Male) |
| 15:09 | Age | Feudal Age |
| 15:22 | Build | Blacksmith |
| 15:28 | Build | Market |
| 16:08 | Research | Double-Bit Axe |
| 16:24 | Research | Castle Age |
| 17:49 | Research | Gold Mining |
| 18:50 | Age | Castle Age |
| 19:00 | Build | Town Center |
| 19:30 | Create | Villager (Male) |
| 19:30 | Create | Villager (Male) |
| 19:57 | Create | Villager (Male) |
| 20:04 | Build | Town Center |
| 20:15 | Create | Villager (Male) |
| 20:15 | Create | Villager (Male) |
| 20:28 | Research | Bow Saw |
| 20:33 | Research | Scale Barding Armor |
| 21:25 | Create | Villager (Male) |
| 21:25 | Create | Villager (Male) |
| 21:25 | Create | Villager (Male) |
| 21:26 | Create | Villager (Male) |
| 21:26 | Create | Villager (Male) |
| 21:46 | Build | House |
| 21:48 | Build | House |
| 21:49 | Build | House |
| 21:50 | Build | House |
| 21:53 | Build | House |
| 21:54 | Build | House |
| 21:56 | Build | House |
| 22:00 | Create | Villager (Male) |
| 22:54 | Create | Villager (Male) |
| 22:54 | Create | Villager (Male) |
| 22:54 | Create | Villager (Male) |
| 22:54 | Create | Villager (Male) |
| 22:55 | Create | Villager (Male) |
| 22:55 | Create | Villager (Male) |
| 23:12 | Build | Town Center |
| 23:22 | Create | Villager (Male) |
| 23:22 | Create | Villager (Male) |
| 23:48 | Create | Villager (Male) |
| 23:54 | Build | Barracks |
| 24:15 | Build | Farm |
| 24:15 | Build | Farm |
| 24:15 | Build | Farm |
| 24:21 | Create | Villager (Male) |
| 24:34 | Build | Siege Workshop |
| 24:42 | Create | Villager (Male) |
| 24:48 | Build | Stable |
| 24:53 | Build | House |
| 25:14 | Build | Barracks |
| 25:28 | Build | Barracks |
| 25:32 | Build | House |
| 25:35 | Build | House |
| 25:41 | Build | House |
| 25:55 | Create | Villager (Male) |
| 25:56 | Create | Villager (Male) |
| 25:56 | Create | Villager (Male) |
| 25:56 | Create | Villager (Male) |
| 25:57 | Create | Villager (Male) |
| 25:57 | Create | Villager (Male) |
| 26:11 | Create | Knight |
| 26:23 | Build | Castle |
| 26:30 | Create | Mangonel |
| 26:33 | Create | Knight |
| 26:34 | Create | Knight |
| 26:48 | Create | Spearman |
| 26:48 | Create | Spearman |
| 27:14 | Research | Fletching |
| 27:21 | Create | Knight |
| 27:27 | Create | Battering Ram |
| 27:59 | Create | Villager (Male) |
| 27:59 | Create | Villager (Male) |
| 28:00 | Create | Villager (Male) |
| 28:00 | Create | Villager (Male) |
| 28:00 | Create | Villager (Male) |
| 28:00 | Create | Villager (Male) |
| 28:01 | Create | Villager (Male) |
| 28:29 | Build | Mining Camp |
| 28:32 | Create | War Elephant |
| 29:01 | Build | Town Center |
| 29:05 | Research | Wheelbarrow |
| 29:11 | Build | House |
| 29:13 | Build | House |
| 29:14 | Build | House |
| 29:33 | Research | Forging |
| 29:51 | Create | Knight |
| 29:55 | Create | Battering Ram |
| 30:46 | Research | Hand Cart |
| 30:52 | Research | Bodkin Arrow |
| 30:58 | Research | Pikeman (upgrade) |
| 31:57 | Create | Spearman |
| 31:57 | Create | Spearman |
| 31:57 | Create | Spearman |
| 32:30 | Create | Spearman |
| 32:30 | Create | Spearman |
| 32:31 | Create | Spearman |
| 33:18 | Research | Town Watch |
| 33:31 | Create | Villager (Male) |
| 33:32 | Create | Villager (Male) |
| 35:55 | Build | Castle |
| 35:59 | Build | Mill |
| 36:16 | Create | Mangonel |
| 36:16 | Create | Mangonel |
| 36:54 | Build | Siege Workshop |
| 36:57 | Build | Siege Workshop |
| 36:59 | Build | Siege Workshop |
| 37:01 | Build | Siege Workshop |
| 37:30 | Build | Mill |
| 38:10 | Create | Mangonel |
| 38:10 | Create | Mangonel |
| 38:42 | Build | House |
Match timeline
| 2:28 | Mar strong · wall_segment Palisade Wall x1 |
| 2:43 | Gerry FreeMan · wall_segment Palisade Wall x1 |
| 9:01 | Mar strong · wall_segment Palisade Wall x3 |
| 9:25 | Mar strong · first_building Barracks |
| 9:46 | Mar strong · wall_segment Palisade Wall x2 |
| 11:16 | alejo s11 · wall_segment Palisade Wall x3 |
| 11:22 | alejo s11 · wall_segment Palisade Wall x4 |
| 12:23 | Mar strong · wall_segment Palisade Wall x5 |
| 12:37 | Mar strong · wall_segment Palisade Wall x4 |
| 13:16 | Mauroxtraceur · wall_segment Palisade Wall x9 |
| 14:21 | Mauroxtraceur · first_building Barracks |
| 14:30 | Mar strong · age_up feudal |
| 15:09 | Gerry FreeMan · age_up feudal |
| 15:34 | jairo · first_building Barracks |
| 15:48 | alejo s11 · first_building Barracks |
| 15:51 | jairo · age_up feudal |
| 16:55 | Mauroxtraceur · age_up feudal |
| 17:31 | alejo s11 · first_building Archery Range |
| 17:51 | alejo s11 · wall_segment Palisade Wall x9 |
| 18:20 | Mauroxtraceur · first_building Archery Range |
| 18:31 | alejo s11 · wall_segment Stone Wall x4 |
| 18:38 | jairo · first_building Stable |
| 18:50 | Gerry FreeMan · age_up castle |
| 18:52 | alejo s11 · wall_segment Stone Wall x1 |
| 19:16 | alejo s11 · wall_segment Palisade Wall x7 |
| 20:12 | jairo · age_up castle |
| 20:28 | alejo s11 · first_building Stable |
| 21:23 | Gerry FreeMan · first_market_buy 100 food |
| 21:48 | Mauroxtraceur · first_market_buy 100 wood |
| 23:54 | Gerry FreeMan · first_building Barracks |
| 24:05 | jairo · first_building Monastery |
| 24:34 | Gerry FreeMan · first_building Siege Workshop |
| 24:46 | Georg86 · age_up feudal |
| 24:48 | Gerry FreeMan · first_building Stable |
| 26:23 | alejo s11 · first_building Monastery |
| 26:23 | Gerry FreeMan · first_building Castle |
| 27:51 | Mauroxtraceur · wall_segment Palisade Wall x11 |
| 28:01 | Mar strong · age_up castle |
| 28:01 | Mauroxtraceur · first_market_sell 100 food |
| 28:13 | jairo · first_building Castle |
| 28:15 | jairo · first_building Siege Workshop |
| 29:54 | Georg86 · first_building Barracks |
| 30:03 | alejo s11 · first_building Castle |
| 30:15 | Mauroxtraceur · first_building Stable |
| 31:30 | Mauroxtraceur · age_up castle |
| 31:41 | jairo · first_market_buy 100 wood |
| 34:09 | Mar strong · first_market_buy 100 stone |
| 34:22 | Mar strong · first_building Castle |
| 35:33 | alejo s11 · wall_segment Stone Wall x16 |
| 35:38 | Mauroxtraceur · first_building Siege Workshop |
| 36:13 | jairo · age_up imperial |
| 36:19 | alejo s11 · first_building Siege Workshop |
| 38:46 | Mauroxtraceur · first_building Castle |
| 39:04 | Georg86 · first_building Stable |
| 39:13 | Georg86 · first_building Archery Range |
| 40:31 | alejo s11 · wall_segment Stone Wall x11 |
| 40:38 | alejo s11 · wall_segment Stone Wall x8 |
| 43:17 | Mar strong · age_up imperial |
| 43:47 | Georg86 · age_up castle |
| 44:14 | Mar strong · first_building Stable |
| 44:23 | Georg86 · first_building Krepost |
| 45:13 | Mar strong · first_building Monastery |
| 45:17 | Mauroxtraceur · first_building Monastery |
| 45:53 | Gerry FreeMan · resign |
| 49:43 | Mar strong · first_building Archery Range |
[ AI ANALYSIS · 1 CREDIT ]
What really happened in this match?
Wolo.gg analyzes every decision: build order, eco, micro, common mistakes by bracket. Personalized analysis on WhatsApp or Discord in 30 seconds.
Civ guide
Bohemians
Perfil
Jugador #11965615